 Dungeon Crawl Stone Soup version 0.31-a0-180-g519b7de00c (webtiles) character file.

Game seed: 9897404515878695247

893 qw the Chopper (level 8, -7/49 HPs)
             Began as a Gargoyle Fighter on June 19, 2023.
             Mangled by a gnoll
             ... wielding a +0 halberd
             ... led by a gnoll sergeant
              (11 damage)
             ... on level 5 of the Dungeon.
             The game lasted 00:03:01 (4905 turns).

qw the Chopper (Gargoyle Fighter)                   Turns: 4905, Time: 00:03:02

Health: -7/49      AC: 11    Str: 23    XL:     8   Next: 6%
Magic:  7/7        EV:  8    Int:  6    God:
Gold:   553        SH:  8    Dex:  9    Spells: 7/7 levels left

rFire   . . .        Y - +1 war axe
rCold   . . .        c - +0 buckler
rNeg    + + .        h - +0 chain mail
rPois   inf          (no helmet)
rElec   +            (no cloak)
rCorr   .            (no gloves)
SInv    .            (no boots)
Will    .....        (no amulet) Stlth
                     l - ring of positive energy
HPRegen 0.28/turn    (no ring)
MPRegen 0.10/turn

%: no passive effects
@: unable to drink
A: sickness immunity, AC +5, negative energy resistance 1, electricity
resistance, torment resistance 1, petrification resistance, large bone plates 1,
deformed body, dopey 1, low MP 1, shaggy fur 1, inability to drink after injury
1
a: no special abilities


You were on level 5 of the Dungeon.
You visited 1 branch of the dungeon, and saw 5 of its levels.
You also visited: Ossuary.

You collected 553 gold pieces.


Innate Abilities, Weirdness & Mutations

You are immune to sickness and miasma.
Your stone body is resilient. (AC +5)
You are immune to poison.
You resist negative energy. (rN+)
You are resistant to electric shocks. (rElec)
You are resistant to unholy torment.
You are immune to petrification.
You are partially covered in large bone plates. (SH +4)
Armour fits poorly on your strangely shaped body.
You are dopey. (Int -2)
Your magical capacity is low. (-10% MP)
You are covered in fur. (AC +1)
You occasionally lose the ability to drink potions when taking damage.


   Skills:
 - Level 5.2 Fighting
 + Level 7.4 Axes
 - Level 3.2 Armour
 - Level 1.1 Dodging
 - Level 3.2 Shields


You had 7 spell levels left.
You didn't know any spells.
Your spell library was empty.

Inventory:

Hand Weapons
 e - a +0 flail of holy wrath
 f - a +0 morningstar
 Y - a +1 war axe (weapon)
Armour
 c - a +0 buckler (worn)
 h - a +0 chain mail (worn)
Jewellery
 l - a ring of positive energy (left hand)
Scrolls
 k - 2 scrolls of identify
 o - a scroll of vulnerability {unknown}
Potions
 a - a potion of haste
 d - 2 potions of might
 i - 2 potions of enlightenment
 j - a potion of degeneration {unknown}
 m - a potion of magic
 n - a potion of cancellation
 p - 2 potions of curing

Dungeon Overview and Level Annotations

Branches:
Dungeon (5/15)            Ossuary (visited)
 Temple: D:4-7

Altars:
Fedhas
Qazlal
The Shining One

Annotations:
D:3 exclusion: 3 iron imps
D:4 exclusion: iguana


Message History

The gnoll sergeant hits you with a +1 spear of venom.
The gnoll completely misses you. You block the gnoll's attack.
You slash the gnoll sergeant!
The gnoll sergeant is moderately wounded.
You hit the gnoll but do no damage. You hit the gnoll.
The gnoll sergeant hits you with a +1 spear of venom!
The gnoll hits you but does no damage. You block the gnoll's attack. x2
You hit the gnoll sergeant but do no damage.
The gnoll sergeant is moderately wounded.
You hit the gnoll but do no damage. You slash the gnoll!
The gnoll sergeant closely misses you. You block the gnoll's attack. x2
The gnoll hits you with a +2 great sword of electrocution!
You hit the gnoll.
You kill the gnoll!
You slash the gnoll!
You hit the gnoll sergeant but do no damage.
You block the gnoll sergeant's attack. The gnoll closely misses you.
The gnoll hits you from afar with a +0 halberd!
You barely miss the gnoll.
The gnoll is severely wounded.
You hit the gnoll. You hit the gnoll sergeant.
The gnoll sergeant hits you but does no damage.
The gnoll hits you with a +0 club. The gnoll barely misses you.
You block the gnoll's attack. The gnoll closely misses you.
You block the gnoll's attack.
The gnoll sergeant hits you with a +1 spear of venom.
The gnoll hits you with a +0 club.
You closely miss the gnoll.
The gnoll is severely wounded.
You slash the gnoll!
You hit the gnoll sergeant but do no damage.
The gnoll sergeant hits you with a +1 spear of venom.
The gnoll hits you but does no damage. x2; The gnoll completely misses you.
You barely miss the gnoll.
The gnoll is almost dead.
You hit the gnoll. You barely miss the gnoll sergeant.
The gnoll sergeant barely misses you. The gnoll closely misses you.
The gnoll hits you from afar with a +0 halberd!
You feel threatened and lose the ability to drink potions!
You die...

#............#...........#....
#............####.##..#######.
#########.......#.##+##......#
#.......#.....#.....%#
#.......#.....#......#
#.......#.....#......#
#.......#.....#......#
#.......#.....#.....##
#....@).#.....'.....##
.......gggg#######.....##
.......................##
........................##
...................######,
..............)....# ,
..................# **
......#####......# ........#


You could see a gnoll sergeant and 3 gnolls.

Vanquished Creatures
  A black bear (D:5)
  2 scorpions (D:5)
  A gnoll sergeant (D:4)
  A crimson imp (D:4)
  3 hounds (D:5)
  A jelly (D:3)
  An iguana (D:4)
  A sleepcap (D:5)
  8 mummies (Ossuary)
  12 gnolls
  5 adders
  2 shadow imps (D:5)
  A white imp (D:4)
  3 worms
  A dart slug (D:2)
  6 orcs
  12 endoplasms
  4 giant cockroaches
  10 goblins
  9 hobgoblins
  6 jackals
  4 quokkas
  10 ball pythons
  8 bats
  5 frilled lizards
  2 gnoll zombies (Ossuary)
  2 goblin zombies (D:4)
  5 hobgoblin zombies
  5 kobolds
  4 kobold zombies
  2 orc skeletons (D:4)
  3 orc zombies
  5 rats
145 creatures vanquished.

Notes
Turn   | Place    | Note
-------+----------+-------------------------------------------
     0 | D:1      | qw the Gargoyle Fighter began the quest for the Orb.
     0 | D:1      | Reached XP level 1. HP: 14/14 MP: 1/1
     0 | D:1      | 0 ||| qw: Version: 0.3-a-7-ge0c9b40
     0 | D:1      | 0 ||| qw: Game counter: 1023
     0 | D:1      | 0 ||| qw: Always use a shield: true
     0 | D:1      | 0 ||| qw: God list: Okawaru
     0 | D:1      | 0 ||| qw: Allow faded altars: false
     0 | D:1      | 0 ||| qw: Do Orc after D:15 true
     0 | D:1      | 0 ||| qw: Do second Lair branch before Depths: true
     0 | D:1      | 0 ||| qw: Lair rune preference: random
     0 | D:1      | 0 ||| qw: Plans: Normal, Zot:1-4, Slime:5, God:TSO, Crypt,
                  | Tomb, Abyss, Pan, Hells, Win
     0 | D:1      | 0 ||| PLANNING D:1-11
    60 | D:1      | Reached skill level 2 in Axes
   115 | D:1      | Reached XP level 2. HP: 16/19 MP: 2/2
   145 | D:1      | 145 ||| Stepping ~*~*~tactically~*~*~ (stealth).
   227 | D:1      | 227 ||| Stepping ~*~*~tactically~*~*~ (stealth).
   309 | D:1      | Reached skill level 3 in Axes
   400 | D:1      | Reached XP level 3. HP: 23/23 MP: 3/3
   649 | D:1      | 649 ||| UPGRADING to +0 helmet.
   711 | D:2      | 711 ||| Stepping ~*~*~tactically~*~*~ (hiding).
   743 | D:2      | 743 ||| Stepping ~*~*~tactically~*~*~ (stealth).
   837 | D:2      | Reached XP level 4. HP: 23/28 MP: 4/4
   858 | D:2      | 858 ||| Stepping ~*~*~tactically~*~*~ (stealth).
   868 | D:2      | Reached skill level 4 in Axes
   953 | D:2      | 953 ||| DROPPING +0 whip.
   969 | D:2      | 969 ||| DROPPING +0 whip of holy wrath.
  1003 | D:2      | Identified the +8 trident "Nomunom" {heavy, Str+5 Int+3}
  1082 | D:2      | Found a stormy altar of Qazlal.
  1278 | D:2      | Reached XP level 5. HP: 31/32 MP: 5/5
  1366 | D:2      | 1366 ||| UPGRADING to ring of positive energy.
  1367 | D:2      | 1367 ||| READING scroll labelled ZONWUO UPALECK.
  1368 | D:2      | 1368 ||| READING 2 scrolls labelled LYD LEREEMUBBO.
  1369 | D:2      | 1369 ||| DRINKING 2 glowing ruby potions.
  1370 | D:2      | 1370 ||| DRINKING 2 viscous dark potions.
  1371 | D:2      | 1371 ||| DROPPING potion of brilliance.
  1621 | D:3      | Found a blossoming altar of Fedhas.
  1688 | D:3      | Reached skill level 5 in Axes
  2307 | D:3      | 2307 ||| READING scroll labelled DUDAPS SURIABA.
  2308 | D:3      | 2308 ||| READING 2 scrolls labelled JOAPIAW AREOH.
  2309 | D:3      | 2309 ||| READING scroll labelled CEATIA MIOPYKH.
  2312 | D:3      | 2312 ||| READING 2 scrolls of identify.
  2312 | D:3      | 2312 ||| IDENTIFYING fuming dark potion
  2313 | D:3      | 2313 ||| DROPPING scroll of amnesia.
  2349 | D:4      | 2349 ||| PLANNING OSSUARY
  2370 | D:4      | Found a glowing drain.
  2503 | D:4      | 2503 ||| READING scroll labelled UPLIBR NIOCO.
  2515 | D:4      | Reached XP level 6. HP: 25/39 MP: 6/6
  2605 | D:4      | Reached skill level 1 in Dodging
  2711 | D:4      | Found a sand-covered staircase.
  2719 | Ossuary  | Entered an ossuary
  3178 | Ossuary  | 3178 ||| READING scroll labelled LOGUNI DINOLOI.
  3179 | Ossuary  | 3179 ||| RIP SEWER
  3179 | Ossuary  | 3179 ||| DRINKING 2 black potions.
  3180 | Ossuary  | 3180 ||| DRINKING 2 green potions.
  3181 | Ossuary  | 3181 ||| DRINKING 2 yellow potions.
  3182 | Ossuary  | 3182 ||| DRINKING 3 pink potions.
  3183 | Ossuary  | 3183 ||| DRINKING 2 purple potions.
  3183 | Ossuary  | Gained mutation: Your magical capacity is low. (-10% MP)
                  | [potion of mutation]
  3183 | Ossuary  | Gained mutation: You passively map a small area around you.
                  | [potion of mutation]
  3183 | Ossuary  | Gained mutation: You have hidden genetic defects. [potion
                  | of mutation]
  3183 | Ossuary  | Gained mutation: You have a pair of small horns on your
                  | head. [potion of mutation]
  3184 | Ossuary  | 3184 ||| DROPPING +0 helmet.
  3204 | D:4      | 3204 ||| RIP SEWER
  3205 | D:4      | 3205 ||| PLANNING D:1-11
  3323 | D:4      | You fall into a shaft and drop 1 floor!
  3323 | D:5      | Entered Level 5 of the Dungeon
  3400 | D:5      | 3400 ||| UPGRADING to +0 chain mail.
  3410 | D:5      | 3410 ||| DROPPING +0 scale mail.
  3592 | D:4      | Found a glowing golden altar of the Shining One.
  3611 | D:4      | Reached XP level 7. HP: 44/44 MP: 6/6
  3737 | D:4      | Gained mutation: You are dopey. (Int -2) [hidden defects]
  3854 | D:4      | Reached skill level 6 in Axes
  4136 | D:4      | 4136 ||| READING scroll labelled WYRASE BOMIMOGG.
  4426 | D:5      | 4426 ||| Stepping ~*~*~tactically~*~*~ (hiding).
  4427 | D:5      | 4427 ||| Stepping ~*~*~tactically~*~*~ (hiding).
  4428 | D:5      | 4428 ||| Stepping ~*~*~tactically~*~*~ (hiding).
  4429 | D:5      | 4429 ||| Stepping ~*~*~tactically~*~*~ (hiding).
  4430 | D:5      | 4430 ||| Stepping ~*~*~tactically~*~*~ (hiding).
  4431 | D:5      | 4431 ||| Stepping ~*~*~tactically~*~*~ (hiding).
  4578 | D:5      | Gained mutation: Armour fits poorly on your strangely
                  | shaped body. [hidden defects]
  4578 | D:5      | Lost mutation: You have hidden genetic defects. [hidden
                  | defects expressed]
  4588 | D:5      | Reached skill level 7 in Axes
  4602 | D:5      | 4602 ||| DRINKING potion of mutation.
  4602 | D:5      | Lost mutation: You have a pair of small horns on your head.
                  | [potion of mutation]
  4602 | D:5      | Lost mutation: You passively map a small area around you.
                  | [potion of mutation]
  4602 | D:5      | Gained mutation: You occasionally lose the ability to drink
                  | potions when taking damage. [potion of mutation]
  4602 | D:5      | Gained mutation: You are covered in fur. (AC +1) [potion of
                  | mutation]
  4602 | D:5      | Gained mutation: You are partially covered in large bone
                  | plates. (SH +4) [potion of mutation]
  4646 | D:5      | HP: 11/44 [gnoll/+0 halberd[a gnoll sergeant] (3)]
  4647 | D:5      | 4647 ||| READING scroll of teleportation.
  4648 | D:5      | 4648 ||| DRINKING potion of heal wounds.
  4735 | D:5      | 4735 ||| Stepping ~*~*~tactically~*~*~ (hiding).
  4866 | D:5      | Reached XP level 8. HP: 45/49 MP: 7/7
  4903 | D:5      | HP: 12/49 [gnoll/+0 club[a gnoll sergeant] (2)]
  4904 | D:5      | HP: 4/49 [gnoll sergeant/+1 spear of venom (3)]
  4905 | D:5      | Mangled by a gnoll

Levels and vault maps discovered:
D:1:      onia_arrival_pentagram, layout_basic
D:2:      minmay_spotlight, layout_rooms, basic_altar, hangedman_decor_push
D:3:      layout_basic, demons_altar, fedhas_altar_2
D:4:      layout_basic, nicolae_tso_besieged_by_evil,
          nicolae_ossuary_entry_monument, portal_sewer_entry_d, lightli_minifort
D:5:      minmay_angry_zag, layout_gridville, nicolae_vehumet_radiance,
          serial_shops, nicolae_shop_rolling_square

Skill      XL: |  1  2  3  4  5  6  7 |
---------------+----------------------+-----
Axes           | 2 3 4 5 7 |  7.4
Fighting       | 4 5 |  5.2
Dodging        | 1 |  1.1
Armour         | |  3.2
Shields        | |  3.2

Action                     |  1- 3 |  4- 6 |  7- 9 || total
---------------------------+-------+-------+-------++-------
  Melee: War axe           |   144 |   225 |   100 ||   469
         Headbutt          |       |     3 |     8 ||    11
    Use: Scroll            |       |     8 |     2 ||    10
         Potion            |       |     7 |     2 ||     9
 Armour: Scale mail        |    85 |    82 |       ||   167
         Chain mail        |       |    20 |    62 ||    82
  Dodge: Dodged            |    64 |    99 |    49 ||   212
  Block: Buckler           |    25 |    30 |    30 ||    85

Table legend:
 A = Non-vault XP
 B = Vault XP
 C = Vault XP percentage of total XP
 D = Non-vault monster count
 E = Vault monster count
 F = Vault count percentage of total count
                 A         B        C        D         E       F
            +---------+---------+-------+---------+---------+-------
      Total |     630 |     646 |  50.6 |     100 |      45 |  31.0
            +---------+---------+-------+---------+---------+-------
        D:1 |      47 |       0 |   0.0 |      30 |       0 |   0.0
        D:2 |     106 |      15 |  12.4 |      26 |       6 |  18.8
        D:3 |      81 |       0 |   0.0 |      17 |       0 |   0.0
        D:4 |      85 |     200 |  70.2 |      12 |      16 |  57.1
        D:5 |     311 |     280 |  47.4 |      15 |       7 |  31.8
    Ossuary |       0 |     151 | 100.0 |       0 |      16 | 100.0
            +---------+---------+-------+---------+---------+-------
